 Dungeon Crawl Stone Soup version 0.20-b1-18-gaa2fd62 (webtiles) character file.

26 Firecrotchwizard the Firebug (level 3, 19/19 HPs)
             Began as a Gargoyle Fire Elementalist on May 25, 2017.
             Quit the game on level 1 of the Dungeon.
             The game lasted 00:01:52 (842 turns).

Firecrotchwizard the Firebug (GrFE)                  Turns: 842, Time: 00:01:52

Health: 19/19      AC:  8    Str: 11    XL:     3   Next: 8%
Magic:  6/6        EV: 12    Int: 15    God:
Gold:   7          SH:  0    Dex: 11    Spells: 5/6 levels left

rFire    . . .     SeeInvis .   h - -1 club (curse)
rCold    . . .     Gourm    .   (no shield)
rNeg     + . .     Faith    .   a - +0 robe
rPois    ∞         Spirit   .   (no helmet)
rElec    +         Reflect  .   (no cloak)
rCorr    .         Harm     .   k - +2 pair of gloves
MR       .....                  (no boots)
Stlth    ++........             (no amulet)
Regen    0.1/turn               (no ring)
MPRegen  0.1/turn               (no ring)

@: no status effects
A: negative energy resistance 1, electricity resistance, unbreathing,
petrification resistance, rot immunity, AC +3
a: no special abilities


You were on level 1 of the Dungeon.
You were not hungry.

You visited 1 branch of the dungeon, and saw 1 of its levels.

You collected 7 gold pieces.

Inventory:

Hand Weapons
 h - a cursed -1 club (weapon)
Armour
 a - a +0 robe (worn)
 j - a +0 pair of boots
 k - a +2 pair of gloves (worn)
Scrolls
 l - a scroll of blinking {unknown}
Potions
 d - a potion of curing {unknown}
 e - a potion of agility {unknown}
 g - a potion of might {unknown}
 i - a potion of degeneration {unknown}
 m - 2 potions of magic {unknown}
 n - a potion of brilliance {unknown}
Books
 b - a book of Flames

   Spells                             Type                      Level
   a - Flame Tongue                   Conjuration/Fire             1
   b - Throw Flame                    Conjuration/Fire             2
   c - Conjure Flame                  Conjuration/Fire             3
   d - Inner Flame                    Hexes/Fire                   3
   e - Sticky Flame                   Conjuration/Fire             4
   f - Fireball                       Conjuration/Fire             5
Comestibles
 c - 2 bread rations


   Skills:
 - Level 1.5 Dodging
 - Level 2.1 Stealth
 + Level 2.2 Spellcasting
 * Level 2.1 Conjurations
 + Level 3.5 Fire Magic


You had 5 spell levels left.
You knew the following spells:

 Your Spells              Type           Power        Failure   Level  Hunger
a - Flame Tongue          Conj/Fire      ##...        7%          1    #......


Dungeon Overview and Level Annotations

Branches:
Dungeon (1/15)

Altars:


Innate Abilities, Weirdness & Mutations

You are resistant to torment.
Your stone body is resilient. (AC +3)
You are immune to poison.
You resist negative energy. (rN+)
You are resistant to electric shocks. (rElec)
You can survive without breathing.
You are immune to petrification.
You are immune to rotting.


Message History

You see here a club. x2
l - a scroll labeled OFYAXK OMOTOCK
m - 2 silvery potions
c - 2 bread rations (gained 1)
n - a fuming pink potion A giant cockroach comes into view.
The giant cockroach moves out of view.
You start resting.
A giant cockroach is nearby!
You start resting.
Some of the chunks of flesh in your inventory have rotted away.
Magic restored.
You start resting.
HP restored.
Found a stone staircase leading down.
All of the chunks of flesh in your inventory have rotted away.
A giant cockroach is nearby!
Quiver which item? (- for none, * to show all) (? for menu, Esc to quit)
Okay, then.
Are you sure you want to abandon this character and quit the game? (Confirm with "yes".)

####.###.......÷...#(.....
#.....................##..
#.........................
##...............s......##.
#######.)####....................
#.......(# #....................
#.......)# ##...............#.#..
#........###.........?...........
#...............@.$............##
#....(...####.#####.####.......
#....(.........# .... .## ..
#........#..##..# $##
##########.## #.# .... .> ... ..
#.. .. .. .#.


You could see a giant cockroach (wandering).

Vanquished Creatures
  An ooze (D:1)
  A dart slug (D:1)
  4 giant cockroaches (D:1)
  3 goblins (D:1)
  A hobgoblin (D:1)
  3 jackals (D:1)
  A kobold (D:1)
  A bat (D:1)
  2 rats (D:1)
17 creatures vanquished.

Notes
Turn   | Place    | Note
-------+----------+-------------------------------------------
     0 | D:1      | Firecrotchwizard the Gargoyle Fire Elementalist began the quest for the Orb.
     0 | D:1      | Reached XP level 1. HP: 10/10 MP: 3/3
   149 | D:1      | Reached XP level 2. HP: 9/15 MP: 1/5
   612 | D:1      | Reached XP level 3. HP: 5/19 MP: 2/6
   842 | D:1      | Quit the game

Skill      XL: |  1  2 |
---------------+-------+-----
Conjurations   | 2 |  2.1
Dodging        | |  1.5
Stealth        | |  2.1
Spellcasting   | |  2.2
Fire Magic     | |  3.5

Action                   || total
-------------------------++-------
Melee: Unarmed           ||    10
       Club              ||    42
 Cast: Flame Tongue      ||    19
Armor: Robe              ||    32
Dodge: Dodged            ||    62
